AoeStats
← PrisonMike

Arena

510192398Analyzed
2v2 RM · 1d ago on Sep 29, 2026· 53m 28s· 4 players
Game mode
Random Map
Map size
Medium (4 player)
Population
200
Speed
Normal
Resources
Standard
Victory
Conquest
Starting age
Dark Age
Ending age
Imperial Age
RankedLock teamsTeams togetherTeam positionsShared explorationLock speedFull tech treeHidden civsTurbo modeCheats
Victory
Defeat
🇬🇧 Hindustanis · United Kingdom
1048
+12
🇵🇰 Saracens · Pakistan
969
+15
🇪🇸 Bohemians · Spain
984
-15
🇧🇬 Franks · Bulgaria
919
-12
nordland11
0:29 Loom
12:03 Feudal Age
13:37 Double-Bit Axe
17:32 Castle Age
17:17 Gold Mining
17:18 Stone Mining
18:52 Wheelbarrow
19:39 Bow Saw
27:58 Imperial Age
25:44 Squires
26:51 Gold Shaft Mining
27:49 Padded Archer Armor
27:40 Fletching
27:39 Arson
30:00 Pikeman
31:44 Leather Archer Armor
31:24 Bodkin Arrow
32:39 Conscription
32:03 Elite Throwing Axeman
33:55 Scale Mail Armor
36:45 Elite Skirmisher
38:10 Forging
40:51 Chemistry
40:12 Ballistics
47:25 Hand Cart
49:59 Coinage
PrisonMike
8:57 Loom
10:43 Feudal Age
15:23 Castle Age
13:24 Double-Bit Axe
16:15 Bow Saw
15:46 Horse Collar
19:57 Heavy Plow
21:06 Wheelbarrow
22:30 Pikeman
24:56 Hand Cart
27:47 Town Watch
31:52 Imperial Age
30:33 Forging
30:25 Scale Mail Armor
30:17 Fletching
32:31 Chemistry
31:50 Wagenburg Tactics
32:36 Iron Casting
32:17 Chain Mail Armor
32:07 Squires
31:55 Arson
32:18 Halberdier
33:05 Bodkin Arrow
33:35 Conscription
33:45 Houfnice
34:45 Heavy Scorpion
36:46 Two-Man Saw
36:52 Plate Mail Armor
37:22 Blast Furnace
36:24 Padded Archer Armor
36:25 Bracer
37:47 Scale Barding Armor
39:36 Light Cavalry
39:39 Cavalier
40:20 Husbandry
47:03 Leather Archer Armor
47:09 Chain Barding Armor
47:12 Ballistics
46:58 Siege Engineers
47:10 Elite Skirmisher
51:42 Ring Archer Armor
Al-Zamakhshari
12:01 Feudal Age
12:56 Loom
13:25 Double-Bit Axe
18:06 Castle Age
16:07 Horse Collar
19:27 Bow Saw
20:28 Heavy Plow
23:37 Gambesons
25:31 Wheelbarrow
27:00 Fortified Wall
27:01 Masonry
27:28 Hand Cart
28:05 Town Watch
29:06 Murder Holes
29:34 Ballistics
30:13 Forging
30:41 Gold Mining
31:21 Town Patrol
34:53 Imperial Age
33:00 Scale Barding Armor
33:38 Iron Casting
33:36 Bloodlines
34:29 Husbandry
35:47 Chain Barding Armor
35:18 Fletching
35:28 Padded Archer Armor
35:38 Thumb Ring
34:55 Crossbowman
36:13 Conscription
37:06 Chemistry
37:23 Plate Barding Armor
37:54 Blast Furnace
37:54 Bimaristan
37:54 Counterweights
37:24 Elite Mameluke
38:12 Light Cavalry
39:43 Hussar
39:59 Heavy Camel Rider
41:04 Scale Mail Armor
41:19 Leather Archer Armor
41:00 Bodkin Arrow
Castamiri
10:20 Feudal Age
14:25 Castle Age
12:17 Horse Collar
12:24 Double-Bit Axe
15:41 Loom
20:25 Wheelbarrow
21:59 Gold Mining
22:00 Stone Mining
22:23 Heavy Plow
22:45 Bow Saw
23:52 Stone Shaft Mining
25:18 Town Watch
25:51 Hand Cart
26:47 Loom
27:05 Town Patrol
29:49 Imperial Age
28:38 Fletching
29:24 Masonry
29:52 Fortified Wall
30:04 Ballistics
31:35 Chemistry
32:01 Bodkin Arrow
36:50 Padded Archer Armor
37:30 Conscription
38:04 Shatagni
38:23 Leather Archer Armor
38:55 Husbandry
39:05 Bloodlines
39:55 Scale Barding Armor
40:00 Forging
39:21 Light Cavalry
40:27 Grand Trunk Road
41:03 Hoardings
40:10 Hussar
41:44 Ring Archer Armor
41:35 Chain Barding Armor
45:09 Iron Casting
45:10 Plate Barding Armor
44:38 Bracer
Connection lost

Rejoining the realm…

Still unreachable

The connection could not be restored.

Session expired

The server has moved on; the page needs a fresh start.